 Dungeon Crawl Stone Soup version 0.28.0-47-ge53b351184 (webtiles) character file.

Game seed: 3830138340896129137

1382 Exodus22XD the Thaumaturge (level 8, -13/41 HPs)
             Began as a Deep Elf Hedge Wizard on May 2, 2022.
             Was an Initiate of Vehumet.
             Mangled by Duvessa
             ... wielding a +0 rapier
              (19 damage)
             ... on level 5 of the Dungeon.
             The game lasted 00:24:48 (6742 turns).

Exodus22XD the Thaumaturge (Deep Elf Hedge Wizard)  Turns: 6742, Time: 00:24:49

Health: -13/41     AC:  3    Str:  7    XL:     8   Next: 40%
Magic:  11/24      EV: 16    Int: 22    God:    Vehumet [......]
Gold:   288        SH:  0    Dex: 14    Spells: 16/27 levels left

rFire   . . .      SeeInvis .   h - +2 short sword (elec)
rCold   . . .      Faith    .   q - orb {light}
rNeg    . . .      Spirit   .   b - +0 robe
rPois   .          Reflect  .   c - +0 hat
rElec   .          Harm     .   (no cloak)
rCorr   .          Rampage  .   i - +0 pair of gloves
Will    .....                   (no boots)
Stlth   +.........              (no amulet)
HPRegen 0.13/turn               l - +4 ring of evasion
MPRegen 0.19/turn               (no ring)

@: about to teleport, glowing
A: no striking features
a: Renounce Religion


You were on level 5 of the Dungeon.
You worshipped Vehumet.
Vehumet was noncommittal.
You visited 2 branches of the dungeon, and saw 6 of its levels.

You collected 288 gold pieces.

Inventory:

Hand Weapons
 h - a +2 short sword of electrocution (weapon)
Missiles
 o - a throwing net
Armour
 b - a +0 robe (worn)
 c - a +0 hat (worn)
 i - a +0 pair of gloves (worn)
 q - an orb of light (worn)
Jewellery
 l - a +4 ring of evasion (left hand)
Scrolls
 a - a scroll of amnesia
 e - a scroll of teleportation
 g - a scroll of torment
 m - 2 scrolls of magic mapping
 r - a scroll of immolation {unknown}
Potions
 f - 2 potions of curing
 j - a potion of magic
 k - 2 potions of lignification
 n - a potion of mutation
 p - a potion of degeneration {unknown}


   Skills:
 - Level 2.4 Dodging
 - Level 2.4 Stealth
 - Level 10.2 Spellcasting
 + Level 6.0 Conjurations
 - Level 4.1 Summonings
 - Level 1.1 Translocations
 - Level 3.5 Fire Magic


You had 16 spell levels left.
You knew the following spells:

 Your Spells              Type           Power      Damage    Failure   Level
a - Magic Dart            Conj           100%       1d8       1%          1
b - Call Imp              Summ           29%        N/A       1%          2
c - Blink                 Tloc           32%        N/A       5%          2
d - Conjure Flame         Conj/Fire      32%        6-21      2%          3
e - Mephitic Cloud        Conj/Pois/Air  20%        N/A       8%          3

Your spell library contained the following spells:

 Spells                   Type           Power      Damage    Failure   Level
 Shock                    Conj/Air       96%        1d9       1%          1
 Slow                     Hex            44%        N/A       6%          1
 Confusing Touch          Hex            11%        N/A       19%         3
 Swiftness                Air            11%        N/A       19%         3
 Airstrike                Air            5%         N/A       52%         4
 Yara's Violent Unravell  Hex/Tmut       5%         3d4       86%         5
 Enfeeble                 Hex            5%         N/A       100%        7


Dungeon Overview and Level Annotations

Branches:
Dungeon (5/15)             Temple (1/1) D:5

Altars:
Ashenzari
Dithmenos
Elyvilon
Fedhas
Gozag
Hepliaklqana
Makhleb
Sif Muna
Vehumet
Xom
The Shining One

Shops:
D:3 [

Annotations:
D:5 Duvessa


Message History

Confirm with . or Enter, or press ? or * to list all spells.
Okay, then.
Casting: Blink (safe; 5% risk of failure)
Confirm with . or Enter, or press ? or * to list all spells.
Aiming: Mephitic Cloud (dangerous; 8% risk of failure)
Press: ? - help, Shift-Dir - straight line You miscast Mephitic Cloud.
You are very lightly contaminated with residual magic.
Nothing appears to happen.
Casting: Mephitic Cloud (dangerous; 8% risk of failure)
Confirm with . or Enter, or press ? or * to list all spells.
Aiming: Mephitic Cloud (dangerous; 8% risk of failure)
Press: ? - help, Shift-Dir - straight line, f - Duvessa
Aim: Duvessa, wielding a +0 rapier and wearing a +0 ring mail (berserk, haloed, chance to affect: 81%)
The ball explodes into a vile cloud!
The stinking cloud engulfs Duvessa but does no damage.
Duvessa is engulfed in noxious fumes.
Duvessa appears confused.
Duvessa hits you with a +0 rapier!
Duvessa rages.
You feel stable enough to blink again. Duvessa hits you with a +0 rapier.
Duvessa completely misses herself.
Duvessa seems less confused.
Your magical contamination has completely faded away.
Casting: Mephitic Cloud (dangerous; 8% risk of failure)
Confirm with . or Enter, or press ? or * to list all spells.
You blink.
Duvessa hits you with a +0 rapier!
* * * LOW HITPOINT WARNING * * *
Duvessa barely misses you.
Okay, then.
You aren't carrying any items that you can evoke.
Unknown command.
Press: ? - help, v - describe, . - travel
Here: Duvessa, wielding a +0 rapier and wearing a +0 ring mail (berserk, haloed)
The floor.
Unknown command.
As you read the scroll of teleportation, it crumbles to dust.
You feel strangely unstable.
You feel stable enough to blink again. Duvessa hits you with a +0 rapier!!
You die...

............................#
.##........##################
###....##### # #...## # #...#
#.(.# ###...# #.#...##
######## .......#
##...@..#### .......##
#....e.....### ........#
#............### ........#
#..............# .......##
#..............# .......#
#..............# .......#
##.............# .......##
###..........#### #.##....#
#####......##.#


You could see Duvessa (berserk).

Vanquished Creatures
  Sigmund (D:5)
  A wraith (D:5)
  A sky beast (D:5)
  2 necrophages (D:4)
  An ogre (D:4)
  A phantom (D:5)
  Dowan (D:5)
  A howler monkey (D:3)
  A gnoll shaman (D:4)
  A hound (D:5)
  3 orc priests
  2 iguanas
  Natasha (D:2)
  An orc wizard (D:5)
  A hound skeleton (D:3)
  7 gnolls
  3 adders
  2 adder skeletons (D:3)
  2 dart slugs (D:3)
  8 orcs
  8 endoplasms
  A giant cockroach (D:3)
  6 hobgoblins
  4 jackals (D:4)
  7 kobolds
  6 ball pythons
  A ball python skeleton (D:3)
  8 bats
  A frilled lizard (D:3)
  A giant cockroach zombie (D:3)
  2 goblins (D:1)
  2 rats
88 creatures vanquished.

Vanquished Creatures (collateral kills)
  A scorpion (D:2)
  Natasha (D:2)
  A scorpion zombie (D:3)
  A ball python zombie (D:3)
4 creatures vanquished.

Vanquished Creatures (others)
  2 plants (D:3)
2 creatures vanquished.

Grand Total: 94 creatures vanquished

Notes
Turn   | Place    | Note
-------+----------+-------------------------------------------
     0 | D:1      | Exodus22XD the Deep Elf Hedge Wizard began the quest for
                  | the Orb.
     0 | D:1      | Reached XP level 1. HP: 10/10 MP: 7/7
   196 | D:1      | Reached skill level 5 in Spellcasting
   254 | D:1      | Reached XP level 2. HP: 15/15 MP: 6/10
  1229 | D:2      | Reached skill level 6 in Spellcasting
  1229 | D:2      | Reached XP level 3. HP: 19/19 MP: 6/12
  1282 | D:2      | Noticed a scorpion
  1287 | D:2      | Learned a level 2 spell: Call Imp
  1290 | D:2      | Learned a level 2 spell: Blink
  1302 | D:2      | Killed a scorpion
  1303 | D:2      | Reached skill level 7 in Spellcasting
  1303 | D:2      | Reached XP level 4. HP: 24/24 MP: 10/15
  1370 | D:2      | Noticed Natasha
  1424 | D:2      | Killed Natasha
  1584 | D:2      | Noticed Natasha
  1918 | D:2      | Found a faded altar of an unknown god.
  2020 | D:2      | Killed Natasha
  2021 | D:2      | Reached XP level 5. HP: 4/28 MP: 9/16
  2448 | D:2      | Learned a level 3 spell: Conjure Flame
  2598 | D:3      | Found Wiuxt's Antique Armour Shoppe.
  3244 | D:3      | Reached skill level 1 in Fire Magic
  3244 | D:3      | Reached XP level 6. HP: 32/32 MP: 12/18
  4527 | D:4      | You fall into a shaft and drop 1 floor!
  4527 | D:5      | Entered Level 5 of the Dungeon
  4645 | D:5      | Found a staircase to the Ecumenical Temple.
  4654 | Temple   | Entered the Ecumenical Temple
  4659 | Temple   | Learned a level 3 spell: Mephitic Cloud
  4798 | Temple   | Became a worshipper of Vehumet
  5060 | D:5      | Noticed a wraith
  5095 | D:5      | Killed a wraith
  5096 | D:5      | Reached XP level 7. HP: 36/36 MP: 0/20
  5433 | D:5      | Reached skill level 8 in Spellcasting
  5605 | D:5      | Noticed Sigmund
  5677 | D:4      | Reached skill level 9 in Spellcasting
  5868 | D:4      | Reached XP level 8. HP: 35/41 MP: 15/23
  6195 | D:4      | Reached skill level 10 in Spellcasting
  6572 | D:5      | Killed Sigmund
  6573 | D:5      | Reached skill level 5 in Conjurations
  6637 | D:5      | Noticed Dowan
  6638 | D:5      | Noticed Duvessa
  6653 | D:5      | Killed Dowan
  6742 | D:5      | Mangled by Duvessa

Illustrated notes

Levels and vault maps discovered:
D:1:      psy_arrival_whirlpool, layout_basic, serial_forest,
          infiniplex_forest_diagonal, infiniplex_forest_corner_1,
          infiniplex_forest_lined_room_2, infiniplex_forest_clump_double,
          infiniplex_forest_clump_medium, infiniplex_forest_straight_2,
          infiniplex_forest_fountain
D:2:      layout_loops_ring, hellmonk_ecumenical_altar_inner_sanctum,
          uniq_natasha
D:3:      layout_loops_ring, serial_shops, nicolae_shop_overgrown_old_shop,
          serial_undead, serial_undead_b, serial_undead_a, serial_undead_f,
          serial_undead_d, minmay_misc_feat_roman, grunt_ministairs_4
D:4:      layout_loops_ring
D:5:      layout_cave_pods, minmay_temple_entry_junction, serial_column_ruins,
          column_ruins_hut_ruined, column_ruins_open_tiny, column_ruins_grid_1,
          column_ruins_open_small, column_ruins_open_medium,
          column_ruins_grid_1, column_ruins_open_tiny, uniq_sigmund,
          uniq_duvessa
Temple:   nicolae_temple_elliptical

Skill      XL: |  1  2  3  4  5  6  7  8 |
---------------+-------------------------+-----
Spellcasting   | 5 6 7 9 10 | 10.2
Conjurations   | 2 4 6 |  6.0
Fire Magic     | 1 3 |  3.5
Summonings     | 3 4 |  4.1
Dodging        | |  2.4
Stealth        | |  2.4
Translocations | |  1.1

Action                   |  1- 3 |  4- 6 |  7- 9 || total
-------------------------+-------+-------+-------++-------
Melee: Short sword       |       |     6 |     1 ||     7
 Cast: Magic Dart        |    66 |   183 |    85 ||   334
       Call Imp          |     2 |    14 |     1 ||    17
       Blink             |       |     3 |     5 ||     8
       Conjure Flame     |       |     3 |     5 ||     8
       Mephitic Cloud    |       |     2 |     4 ||     6
  Use: Scroll            |       |     7 |     4 ||    11
       Potion            |       |       |     1 ||     1
Armor: Robe              |     4 |     7 |     3 ||    14
Dodge: Dodged            |     8 |    38 |    36 ||    82
